 Dungeon Crawl Stone Soup version 0.19-a0-1861-g35def1e (webtiles) character file.

49426 graki42 the Shatterer (level 14, -1/162 HPs)
             Began as an Ogre Berserker on Oct 12, 2016.
             Was a High Priest of Trog.
             Slain by a six-headed hydra (2 damage)
             ... on level 6 of the Lair of Beasts.
             The game lasted 01:15:12 (20800 turns).

graki42 the Shatterer (Ogre Berserker)             Turns: 20800, Time: 01:15:13

Health: -1/162     AC:  8    Str: 27    XL:     14   Next: 50%
Magic:  4/4        EV: 13    Int:  8    God:    Trog [*****.]
Gold:   1225       SH:  0    Dex:  9    Spells: 0 memorised, 13 levels left

rFire  . . .     SeeInvis +     E - +7 giant spiked club (antimagic)
rCold  . . .     Gourm    +     L - +0 troll leather armour
rNeg   . . .     Faith    .     (shield currently unavailable)
rPois  .         Spirit   .     (helmet restricted)
rElec  .         Dismiss  .     j - +1 cloak
rCorr  .         Reflect  .     (gloves unavailable)
MR     ++...     Harm     .     (boots unavailable)
Stlth  +.........               z - amulet of the gourmand
                                v - ring of protection from magic
                                K - ring of see invisible

@: exhausted, about to teleport, slowed, very slow
A: unfitting armour, fangs 1, hooves 1, blink, low mp 1, tough skin 1
a: Blink, Berserk, Trog's Hand, Brothers in Arms, Burn Spellbooks, Renounce
Religion


You were on level 6 of the Lair of Beasts.
You worshipped Trog.
Trog was extremely pleased with you.
You were full.

You visited 2 branches of the dungeon, and saw 17 of its levels.

You collected 1225 gold pieces.

Inventory:

Hand Weapons
 r - a +0 giant spiked club
 E - a +7 antimagic giant spiked club (weapon)
Missiles
 h - 2 throwing nets (quivered)
Armour
 j - a +1 cloak (worn)
 L - a +0 troll leather armour (worn)
 N - the +3 robe of Clouds {+Fly rElec}
   (You found it on level 5 of the Lair of Beasts)

   It insulates you from electricity.
   It lets you fly.
 S - a +0 robe of fire resistance
Jewellery
 l - an uncursed ring of ice
 v - a ring of protection from magic (right hand)
 y - an uncursed ring of resist corrosion
 z - an amulet of the gourmand (around neck)
 F - an uncursed ring of positive energy
 K - a ring of see invisible (left hand)
Wands
 m - a wand of teleportation (6/9)
 T - a wand of digging (21/24)
Scrolls
 d - 8 scrolls of teleportation
 g - 2 scrolls of identify
 n - a scroll of enchant weapon
 p - a scroll of magic mapping
 u - 7 scrolls of remove curse
 x - a scroll of noise {unknown}
 H - a scroll of fog
 J - a scroll of blinking {unknown}
 Q - a scroll of torment {unknown}
 U - a scroll of random uselessness {unknown}
Potions
 b - a potion of haste
 e - 7 potions of curing
 f - 4 potions of flight
 k - a potion of ambrosia
 A - a potion of invisibility
 G - 2 potions of magic
 O - a potion of lignification
 Y - 5 potions of heal wounds
Books
 V - a Young Poisoner's Handbook

   Spells                             Type                      Level
   a - Sting                          Conjuration/Poison           1
   b - Mephitic Cloud                 Conjuration/Poison/Air       3
   c - Olgreb's Toxic Radiance        Poison                       4
   d - Alistair's Intoxication        Transmutation/Poison         5
   e - Venom Bolt                     Conjuration/Poison           5
   Trog disapproves of the use of such an item.
Miscellaneous
 I - a phial of floods
Comestibles
 c - 15 bread rations


   Skills:
 + Level 16.1 Fighting
 + Level 21.8 Maces & Flails
 + Level 5.1 Armour
 + Level 8.7 Dodging


You had 13 spell levels left.
You didn't know any spells.

Dungeon Overview and Level Annotations

Branches:
Dungeon (11/15)            Temple (0/1) D:6            Lair (6/6) D:8
  Swamp (0/4) Lair:3       Spider (0/4) Lair:4        Slime (0/5) Lair:6
    Orc (0/2) D:11

Altars:
Ashenzari
Elyvilon
Fedhas
Gozag
Makhleb
Nemelex Xobeh
Ru
Sif Muna
Trog

Shops:
D:5 (   D:6 [   D:7 :


Innate Abilities, Weirdness & Mutations

You are too large for most types of armour.
You have tough skin. (AC +1)
You have very sharp teeth.
You have large cloven feet.
You can translocate small distances at will.
Your magical capacity is low. (-10% MP)


Message History

You feel very sick. The spiny frog stings you!!
* * * LOW HITPOINT WARNING * * *
You are more poisoned.
The spiny frog poisons you! The spiny frog barely misses you.
A six-headed hydra comes into view.
The six-headed hydra roars!
Things that are here:
a scroll of immolation; an entropy weaver corpse
As you read the scroll of teleportation, it crumbles to dust.
You feel strangely unstable.
You feel very sick. The spiny frog stings you!!
* * * LOW HITPOINT WARNING * * *
You feel better. The spiny frog misses you. The spiny frog stings you!
* * * LOW HITPOINT WARNING * * *
A wolf comes into view.
The wolf howls!
The six-headed hydra bites you.
You die...

.....>..##.#.P...##
##.# .....
###...#.# #.. ...
#.#.#..♣ #..
######.# ... . #P.#
..P ... #######.#
....#.....#.#
....h..###.#.......
+..†.@.#......#.
#...♣FD.+...♣...
#.'.......#.#.....
###.###.#........
## ...###.....#
.#.# ##+.## .... .
.##


You could see a six-headed hydra, a spiny frog and a wolf.

Vanquished Creatures
  Kirke (Lair:4)
  An entropy weaver (Lair:6)
  5 hydras
  4 death yaks (Lair:6)
  5 spriggans (Lair:6)
  Pikel (D:4)
  3 hill giants
  An oklob plant (D:4)
  4 elephants (Lair:4)
  2 cyclopes (D:11)
  3 black mambas (Lair:4)
  Joseph (D:9)
  An ice statue (Lair:2)
  The ghost of Soeti the Sneak, a novice OpTm of Hepliaklqana (D:7)
  Psyche (D:8)
  2 centaur skeletons
  11 spiny frogs
  A gargoyle (D:11)
  2 kobold demonologists (D:11)
  2 rime drakes
  A freezing wraith (Lair:2)
  4 komodo dragons
  A merfolk (D:8)
  4 trolls
  5 polar bears
  A hornet (Lair:6)
  3 tyrant leeches (Lair:3)
  Prince Ribbit (D:5)
  3 two-headed ogres
  12 blink frogs
  5 hippogriffs
  Sigmund (D:2)
  A vampire (D:11)
  A water elemental (D:11)
  5 basilisks
  5 wyverns
  Eustachio (D:5)
  A steam dragon (Lair:4)
  21 yaks
  4 hogs
  3 hungry ghosts
  Menkaure (D:5)
  A mottled dragon (Lair:4)
  2 soldier ants (Lair:6)
  12 water moccasins
  10 porcupines
  6 orc warriors
  A slave (D:4)
  A swamp drake (Lair:4)
  5 ogres
  6 ice beasts
  2 phantoms (D:8)
  2 sky beasts
  An eye of draining (D:8)
  11 black bears
  A necrophage (D:8)
  14 wolves
  2 boggarts (Lair:6)
  9 centaurs
  8 crocodiles
  5 big kobolds (D:8)
  14 bullfrogs
  Blork the orc (D:4)
  A gnoll sergeant (D:8)
  A wyvern skeleton (D:11)
  A hornet simulacrum (D:11)
  7 scorpions
  A water moccasin skeleton (D:5)
  7 killer bees
  6 wights
  4 jellies
  9 electric eels
  A howler monkey (D:7)
  8 crimson imps
  A centaur zombie (D:9)
  A bullfrog zombie (D:7)
  6 hounds
  9 orc priests
  2 bullfrog skeletons (D:11)
  3 gnoll shamans (D:8)
  15 orc wizards
  4 iguanas
  4 worker ants
  4 hell rats (Lair:5)
  A hound skeleton (D:4)
  A worker ant zombie (D:5)
  12 adders
  3 shadow imps
  6 white imps (Lair:2)
  2 oozes
  An adder skeleton (D:5)
  An adder zombie (D:8)
  2 worms
  6 leopard geckos
  64 orcs
  A giant cockroach (D:6)
  11 goblins
  11 hobgoblins
  18 jackals
  7 kobolds
  5 quokkas
  2 bats
  5 frilled lizards
  A jackal skeleton (D:8)
  A quokka zombie (D:5)
  6 rats
  A butterfly (Lair:3)
  2 fungi (D:4)
  7 plants
522 creatures vanquished.

Vanquished Creatures (collateral kills)
  Nessos (Lair:4)
  A wolf (Lair:6)
2 creatures vanquished.

Vanquished Creatures (others)
  5 humans (Lair:4)
  A swamp drake (Lair:4)
  A wolf (Lair:4)
  2 bushes (Lair:6)
  8 fungi
  4 plants (D:8)
21 creatures vanquished.

Grand Total: 545 creatures vanquished

Notes
Turn   | Place    | Note
-------+----------+-------------------------------------------
     0 | D:1      | graki42 the Ogre Berserker began the quest for the Orb.
     0 | D:1      | Reached XP level 1. HP: 24/24 MP: 1/1
   187 | D:1      | Reached XP level 2. HP: 22/32 MP: 2/2
   775 | D:2      | Reached XP level 3. HP: 40/40 MP: 3/3
  1108 | D:2      | Found a bloodstained altar of Trog.
  1210 | D:2      | Found a shattered altar of Ashenzari.
  1211 | D:2      | Found an opulent altar of Gozag.
  1316 | D:2      | Found a deep blue altar of Sif Muna.
  1496 | D:2      | Noticed Sigmund
  1506 | D:2      | Killed Sigmund
  1506 | D:2      | Reached skill level 5 in Fighting
  1506 | D:2      | Reached skill level 6 in Maces & Flails
  1506 | D:2      | Reached XP level 4. HP: 50/50 MP: 0/4
  1506 | D:2      | Reached XP level 5. HP: 57/57 MP: 0/5
  1705 | D:3      | Noticed a centaur
  1719 | D:3      | Killed a centaur
  1719 | D:3      | Reached skill level 7 in Maces & Flails
  1719 | D:3      | Reached XP level 6. HP: 16/67 MP: 6/6
  1729 | D:3      | Reached ** piety under Trog
  2328 | D:3      | Found a white marble altar of Elyvilon.
  3092 | D:4      | Reached XP level 7. HP: 73/75 MP: 7/7
  3182 | D:4      | Reached skill level 8 in Maces & Flails
  3717 | D:4      | Found a blossoming altar of Fedhas.
  3717 | D:4      | Noticed Blork the orc
  3721 | D:4      | Killed Blork the orc
  3745 | D:4      | Noticed an oklob plant
  3787 | D:4      | Killed an oklob plant
  3787 | D:4      | Reached skill level 10 in Maces & Flails
  3787 | D:4      | Reached XP level 8. HP: 47/87 MP: 8/8
  4154 | D:4      | Noticed Pikel
  4177 | D:4      | Killed Pikel
  4177 | D:4      | Reached skill level 11 in Maces & Flails
  4593 | D:5      | Entered Level 5 of the Dungeon
  4694 | D:5      | Reached XP level 9. HP: 72/96 MP: 9/9
  4696 | D:5      | Reached *** piety under Trog
  4849 | D:5      | Found Ricvarha's Antique Weapon Shoppe.
  4856 | D:5      | Noticed a hill giant
  4859 | D:5      | Killed a hill giant
  4859 | D:5      | Reached skill level 12 in Maces & Flails
  4859 | D:5      | Reached skill level 5 in Dodging
  5056 | D:5      | Noticed Prince Ribbit
  5344 | D:5      | Noticed Menkaure
  5348 | D:5      | Killed Menkaure
  5426 | D:5      | Killed Prince Ribbit
  5545 | D:5      | Noticed Eustachio
  5559 | D:5      | Killed Eustachio
  5559 | D:5      | Reached skill level 13 in Maces & Flails
  5801 | D:5      | Found a bloodstained altar of Trog.
  6402 | D:6      | Found a staircase to the Ecumenical Temple.
  6494 | D:6      | Found a burning altar of Makhleb.
  6651 | D:6      | Found Zeeqaxt's Armour Shoppe.
  6843 | D:7      | Reached XP level 10. HP: 109/109 MP: 10/10
  7242 | D:7      | Found Zuvar's Book Boutique.
  7265 | D:7      | Noticed Soeti's ghost (novice OpTm)
  7275 | D:7      | Killed Soeti's ghost
  7275 | D:7      | Reached skill level 14 in Maces & Flails
  7418 | D:7      | Reached skill level 10 in Fighting
  8272 | D:8      | Reached **** piety under Trog
  8709 | D:8      | Reached skill level 15 in Maces & Flails
  8719 | D:8      | Found a staircase to the Lair.
  9748 | D:8      | Reached XP level 11. HP: 110/120 MP: 11/11
  9956 | D:8      | Reached skill level 16 in Maces & Flails
 10155 | D:8      | Found a sparkling altar of Nemelex Xobeh.
 10159 | D:8      | Reached skill level 1 in Armour
 10493 | D:8      | Reached ***** piety under Trog
 10526 | D:8      | Noticed Psyche
 10561 | D:8      | Killed Psyche
 10966 | D:8      | Reached skill level 17 in Maces & Flails
 11619 | D:9      | Found a sacrificial altar of Ru.
 11823 | D:9      | Noticed Joseph
 11832 | D:9      | Killed Joseph
 12146 | D:10     | Entered Level 10 of the Dungeon
 12236 | D:10     | Received a gift from Trog
 12633 | D:10     | Reached XP level 12. HP: 107/133 MP: 12/12
 13194 | D:11     | Reached skill level 18 in Maces & Flails
 13440 | D:11     | Noticed an eight-headed hydra
 13463 | D:11     | Killed an eight-headed hydra
 13805 | D:11     | Gained mutation: You have large cloven feet. [mutagenic meat]
 13808 | D:11     | Gained mutation: Your magical capacity is low. (-10% MP) [mutagenic meat]
 13811 | D:11     | Gained mutation: You can translocate small distances at will. [mutagenic meat]
 13820 | D:11     | Gained mutation: You have very sharp teeth. [mutagenic meat]
 13874 | D:11     | Found a staircase to the Orcish Mines.
 14295 | D:11     | Received a gift from Trog
 14572 | Lair:1   | Entered Level 1 of the Lair of Beasts
 14915 | Lair:1   | Reached skill level 19 in Maces & Flails
 15326 | Lair:1   | Noticed a four-headed hydra
 15331 | Lair:1   | Killed a four-headed hydra
 15756 | Lair:2   | Reached XP level 13. HP: 145/145 MP: 3/11
 16333 | Lair:2   | Got a coiled tin ring
 16600 | Lair:1   | Identified the cursed ring of the Tick {-Tele EV-4 Str-4 Dex+8 SInv} (You found it on level 2 of the Lair of Beasts)
 17027 | Lair:3   | Reached skill level 20 in Maces & Flails
 17382 | Lair:3   | Received a gift from Trog
 17462 | Lair:3   | Found a staircase to the Swamp.
 17714 | Lair:4   | Noticed Kirke
 17722 | Lair:4   | Killed Kirke
 17834 | Lair:4   | HP: 7/148 [poisoned by a spiny frog]
 17839 | Lair:4   | HP: 7/148 [poisoned by a spiny frog]
 18059 | Lair:4   | Received a gift from Trog
 18399 | Lair:4   | Noticed Nessos
 18411 | Lair:4   | Killed Nessos
 18411 | Lair:4   | Reached skill level 15 in Fighting
 18894 | Lair:4   | Reached skill level 21 in Maces & Flails
 19108 | Lair:4   | Reached XP level 14. HP: 159/159 MP: 4/12
 19110 | Lair:4   | Found a hole to the Spider Nest.
 20204 | Lair:6   | Entered Level 6 of the Lair of Beasts
 20204 | Lair:6   | Found a staircase to the Slime Pits.
 20490 | Lair:6   | Reached skill level 5 in Armour
 20780 | Lair:6   | Noticed an entropy weaver
 20788 | Lair:6   | Killed an entropy weaver
 20800 | Lair:6   | HP: 1/162 [spiny frog (14)]
 20800 | Lair:6   | Slain by a six-headed hydra

Vault maps used:
D:1:      minmay_arrival_open_corners
D:2:      nicolae_overflow_hidden_temple, lemuel_blue_sif_altar,
          gammafunk_temple_overflow_statue, serial_curves, eino_curves_03,
          eino_curves_03, first_bread, uniq_sigmund
D:3:      lemuel_crystal_altar, mrwooster_statue_mirror
D:4:      tgw_fedhas, uniq_blork_the_orc, uniq_pikel
D:5:      serial_shops, nicolae_shop_trees, eino_small_chamber_without_monster,
          kennysheep_another_room, trog_butcher_becter, uniq_menkaure,
          uniq_eustachio, uniq_prince_ribbit1
D:6:      nicolae_overflow_crystal_walls, serial_shops, shop
D:7:      serial_shops, nicolae_shop_window_shopping, grunt_ogre_cave,
          grunt_decor_mini_mirrors
D:8:      kennysheep_town, uniq_psyche
D:9:      nicolae_ru_sacrificial_ziggurat, uniq_joseph
D:11:     hiddenorc2_lemuel, enter_bailey_3, minmay_crystal_water,
          kennysheep_opposing_triangles
Lair:1:   serial_bayou_pond_d, minivault_25, grunt_forest_stairs_basic,
          serial_bayou_pond_e, serial_bayou_shore_b
Lair:2:   ice2_lemuel
Lair:3:   minmay_swamp_entry_worms, small_statue_intersection,
          lemuel_fruit_fields
Lair:4:   dummy_spider_entry, guppyfry_lair_drakes, serial_bayou_shore_b,
          grunt_megastairs_2, uniq_kirke, uniq_nessos
Lair:5:   serial_forest, infiniplex_forest_lined_3, infiniplex_forest_lined_2,
          infiniplex_forest_lined_room_2, infiniplex_forest_clump_medium,
          infiniplex_forest_clump_small, infiniplex_forest_side_room
Lair:6:   minmay_lair_end_enchanted_forest, slime_dummy, zaba_anthell,
          lemuel_fruit_fields, grunt_megastairs_1

Skill      XL: |  1  2  3  4  5  6  7  8  9 10 11 12 13 14 |
---------------+-------------------------------------------+-----
Dodging        | 3 4 5 6 7 8 |  8.7
Fighting       | 5 6 7 8 9 11 12 13 15 16 | 16.1
Maces & Flails | 6 7 10 11 13 15 17 19 21 | 21.8
Armour         | 2 3 4 5 |  5.1

Action                   |  1- 3 |  4- 6 |  7- 9 | 10-12 | 13-15 || total
-------------------------+-------+-------+-------+-------+-------++-------
Melee: Mace              |    90 |    54 |       |       |       ||   144
       Giant spiked club |       |    21 |   221 |   761 |   336 ||  1339
       Kick              |       |       |       |    41 |    78 ||   119
       Bite              |       |       |       |    12 |    34 ||    46
Invok: Berserk           |     4 |     3 |    13 |    24 |    15 ||    59
       Trog's Hand       |       |       |     1 |     5 |     5 ||    11
       Brothers in Arms  |       |       |       |       |     2 ||     2
Evoke: Wand              |       |       |       |     2 |       ||     2
  Use: Scroll            |       |       |    11 |    16 |     9 ||    36
       Potion            |       |       |       |     1 |     2 ||     3
 Stab: Sleeping          |       |       |     2 |       |       ||     2
  Eat: Chunk             |     4 |     9 |    25 |    72 |    30 ||   140
       Fruit             |       |       |     8 |       |       ||     8
Armor: Animal skin       |    14 |    11 |    35 |    27 |       ||    87
       Troll leather arm |       |       |       |   164 |    68 ||   232
Dodge: Dodged            |    38 |    38 |   145 |   452 |   186 ||   859
